 Dungeon Crawl Stone Soup version 0.17.1-3-g152610e (webtiles) character file.

148 Grim the Shooter (level 5, -7/34 HPs)
             Began as a High Elf Hunter on Feb 29, 2016.
             Mangled by Grim's ghost (15 damage)
             ... on level 3 of the Dungeon.
             The game lasted 00:05:31 (2235 turns).

Grim the Shooter (High Elf Hunter)                  Turns: 2235, Time: 00:05:31

Health: -7/34      AC:  3    Str: 11    XL:     5   Next: 8%
Magic:  6/6        EV: 12    Int: 15    God:
Gold:   198        SH:  0    Dex: 16    Spells: 0 memorised, 4 levels left

rFire  . . .     SeeInvis .     b - +0 short sword
rCold  . . .     Clarity  .     c - +0 leather armour
rNeg   . . .     SustAt   .     (no shield)
rPois  .         Gourm    .     (no helmet)
rElec  .         Spirit   .     (no cloak)
rCorr  .         Warding  .     (no gloves)
rMut   .         Stasis   .     (no boots)
MR     .....                    (no amulet)
Stlth  +++.......               (no ring)
                                (no ring)

@: not resistant to hostile enchantments, fairly stealthy
A: no striking features
a: no special abilities


You were on level 3 of the Dungeon.
You were not hungry.

You visited 1 branch of the dungeon, and saw 3 of its levels.

You collected 198 gold pieces.

Inventory:

Hand Weapons
 a - a +1 shortbow
 b - a +0 short sword (weapon)
Missiles
 d - 7 arrows
Armour
 c - a +0 leather armour (worn)
Jewellery
 i - an uncursed ring of poison resistance {unknown}
Scrolls
 f - a scroll of teleportation {unknown}
 g - 3 scrolls of identify {unknown}
 k - 2 scrolls of remove curse {unknown}
 l - a scroll of magic mapping {unknown}
 n - a scroll of recharging {unknown}
 o - 3 scrolls of immolation {unknown}
 r - 3 scrolls of enchant armour {unknown}
Potions
 j - 3 potions of heal wounds {unknown}
 m - a potion of lignification {unknown}
 p - a potion of flight {unknown}
 q - a potion of agility
Comestibles
 e - a bread ration
 h - a beef jerky


   Skills:
 - Level 2.0 Fighting
 + Level 0.0 Short Blades
 + Level 6.4 Bows
 - Level 2.1 Dodging
 - Level 5.0 Stealth


You had 4 spell levels left.
You didn't know any spells.

Dungeon Overview and Level Annotations

Branches:
Dungeon (3/15)

Altars:
Fedhas
Makhleb
Ru
Sif Muna

Annotations:
D:3 Grim's ghost, amateur CeGl


Message History

Grim's ghost is lightly damaged.
Grim's ghost hits you!
* * * LOW HITPOINT WARNING * * *
You closely miss Grim's ghost.
Grim's ghost is lightly damaged.
Grim's ghost closely misses you.
You hit Grim's ghost.
Grim's ghost is lightly damaged.
Grim's ghost misses you.
You hit Grim's ghost but do no damage.
Grim's ghost is lightly damaged.
Grim's ghost hits you.
* * * LOW HITPOINT WARNING * * *
You hit Grim's ghost.
Grim's ghost is lightly damaged.
Grim's ghost barely misses you. Grim's ghost hits you.
* * * LOW HITPOINT WARNING * * *
Grim's ghost hits you!
You die...

.##.# #.# #.# ##≈≈≈.###.# .##.#
#.# #.####∩_...'.#.# .##.#
#.########...###≈≈≈.#...# .##.#
#..........####≈≈≈.####### ..#.#
#..........##.######...>.# .)..#
#..<.......##.# ####.## ..#.##
#.###'####.##.# #.# ..#..# #.#
#.####.##.#########.# #'#..###.#
#.##.@.........)....# ......##.#
#.##W####.####..###### .........#
#....##.....##......<#
....#..########.#.......#.#######
.......#[...(((.#.......#.......#
#.#.#....######....._.....####.##
#.#.#.#.........#.......#.# #.#
#.#.#.#).######.#.......#.# #.#
#.#.#...........##.....##.# #.#


You could see Grim's ghost.

Vanquished Creatures
  A crimson imp (D:3)
  4 adders
  An ooze (D:3)
  A worm (D:2)
  3 giant geckos
  An orc (D:3)
  11 bats
  2 giant cockroaches
  8 goblins
  9 hobgoblins
  2 ball pythons
  5 giant newts
  10 kobolds
  A quokka (D:3)
  7 rats
66 creatures vanquished.

Notes
Turn   | Place    | Note
--------------------------------------------------------------
     0 | D:1      | Grim the High Elf Hunter began the quest for the Orb.
     0 | D:1      | Reached XP level 1. HP: 14/14 MP: 2/2
   125 | D:1      | Reached XP level 2. HP: 19/19 MP: 3/3
   547 | D:2      | Reached XP level 3. HP: 24/24 MP: 4/4
   820 | D:2      | Found a blossoming altar of Fedhas.
   984 | D:2      | Reached skill level 6 in Bows
  1008 | D:2      | Reached XP level 4. HP: 29/29 MP: 5/5
  1369 | D:2      | Found a deep blue altar of Sif Muna.
  1941 | D:3      | Found a sacrificial altar of Ru.
  2129 | D:3      | Found a burning altar of Makhleb.
  2145 | D:3      | Reached skill level 5 in Stealth
  2145 | D:3      | Reached XP level 5. HP: 29/34 MP: 6/6
  2218 | D:3      | Noticed Grim's ghost (amateur CeGl)
  2235 | D:3      | Mangled by Grim's ghost

Action                   |  1- 3 |  4- 6 || total
-------------------------+-------+-------++-------
Melee: Short sword       |    13 |    30 ||    43
 Fire: Shortbow          |    74 |    61 ||   135
  Use: Potion            |     5 |       ||     5
  Eat: Bread ration      |       |     1 ||     1
